 Dungeon Crawl Stone Soup version 0.28-a0-683-ga8797d1ae1 (webtiles) character file.

Game seed: 2374714162215949093

35955 cheechan the Spear-Bearer (level 13, -2/113 HPs)
             Began as a Merfolk Chaos Knight on Oct 17, 2021.
             Was a Plaything of Xom.
             Shot with an arrow by a centaur warrior (13 damage)
             ... on level 13 of the Dungeon on Oct 18, 2021.
             The game lasted 01:56:06 (20432 turns).

cheechan the Spear-Bearer (Merfolk Chaos Knight)   Turns: 20432, Time: 01:56:07

Health: -2/113     AC: 18    Str: 17    XL:     13   Next: 87%
Magic:  1/13       EV: 16    Int: 21    God:    Xom [...*..]
Gold:   531        SH: 16    Dex: 19    Spells: 4/12 levels left

rFire   x . .      SeeInvis +   x - +8 broad axe "Jickaohok" {vorpal, Contam rPois rF- Int+9}
rCold   . . .      Faith    .   T - +4 kite shield
rNeg    + . .      Spirit   .   F - +4 ring mail of Precision Catastrophes {+Blink Str+4 Dex+2}
rPois   +          Reflect  .   W - +2 helmet
rElec   .          Harm     .   Y - +2 cloak
rCorr   .          Rampage  .   n - +0 pair of gloves
Will    .....                   (no boots)
Stlth   ++++......              N - amulet of regeneration
HPRegen 1.28/turn               e - ring of see invisible
MPRegen 0.13/turn               D - ring of positive energy

@: no status effects
A: (nimble swimmer 2), mertail, see invisible, poison resistance, robust 1, wild
magic 2, MP-powered wands, noise suppression
a: Renounce Religion, Evoke Blink


You were on level 13 of the Dungeon.
You worshipped Xom.
You were a favourite toy of Xom.
You visited 3 branches of the dungeon, and saw 16 of its levels.
You also visited: Ossuary.

You collected 1423 gold pieces.
You spent 892 gold pieces at shops.

Inventory:

Hand Weapons
 a - a +3 spear of chaos
 l - the +3 bardiche of Righteous Anger {vorpal, Str+3}
   (You bought it in a shop on level 2 of the Orcish Mines)

   It inflicts extra damage upon your enemies.
   Str:       It affects your strength (+3).
 x - the +8 broad axe "Jickaohok" (weapon) {vorpal, Contam rPois rF- Int+9}
   (You bought it in a shop on level 2 of the Orcish Mines)

   It inflicts extra damage upon your enemies.
   Int:       It affects your intelligence (+9).
   rF:        It makes you vulnerable to fire.
   rPois:     It protects you from poison.
   Contam:    It causes magical contamination when unequipped.
 G - a +4 falchion of freezing
 I - a +4 scimitar
 L - a +3 scimitar of flaming
 M - a +3 spear of freezing
Missiles
 c - 220 arrows
 g - 61 poisoned darts
 o - 19 boomerangs
 p - 108 sling bullets
 s - 43 bolts
 V - 2 throwing nets
Armour
 n - a +0 pair of gloves (worn)
 F - the +4 ring mail of Precision Catastrophes (worn) {+Blink Str+4 Dex+2}
   (You found it on level 6 of the Dungeon)

   Str:       It affects your strength (+4).
   Dex:       It affects your dexterity (+2).
   +Blink:    It lets you blink.
 O - +0 acid dragon scales
 P - a scarf of invisibility
 S - the +1 robe of the Shore {rF- Int+4 Dex+10}
   (You found it on level 12 of the Dungeon)

   Int:       It affects your intelligence (+4).
   Dex:       It affects your dexterity (+10).
   rF:        It makes you vulnerable to fire.
 T - a +4 kite shield (worn)
 W - a +2 helmet (worn)
 Y - a +2 cloak (worn)
 Z - a +0 troll leather armour
Jewellery
 e - a ring of see invisible (left hand)
 D - a ring of positive energy (right hand)
 E - an amulet of faith
 H - a ring of fire
 J - an amulet of guardian spirit
 N - an amulet of regeneration (around neck)
Wands
 b - a wand of polymorph (21)
 u - a wand of charming (11)
 z - a wand of acid (12) (quivered)
 C - a wand of digging (5)
Scrolls
 d - a scroll of enchant weapon
 f - 2 scrolls of amnesia
 h - a scroll of summoning
 i - a scroll of fear
 q - 3 scrolls of teleportation
 t - 2 scrolls of magic mapping
 R - a scroll of silence
 U - a scroll of fog
Potions
 j - a potion of might
 m - a potion of flight
 r - a potion of cancellation
 v - a potion of attraction
 w - 5 potions of lignification
 A - a potion of haste
 B - a potion of magic
 K - 2 potions of brilliance
 Q - a potion of ambrosia


   Skills:
 + Level 10.3 Fighting
 + Level 5.3(7.7) Axes
 + Level 14.1(15.2) Polearms
 + Level 0.2 Throwing
 + Level 6.9 Armour
 + Level 11.3 Dodging
 + Level 10.4 Stealth
 + Level 9.4 Shields
 + Level 0.4 Spellcasting
 + Level 0.3 Translocations
 + Level 5.6 Evocations


You had 4 spell levels left.
You knew the following spells:

 Your Spells              Type           Power      Damage    Failure   Level
a - Blink                 Tloc           N/A        N/A       78%         2
b - Passwall              Tmut/Erth      0%         N/A       80%         2
c - Stone Arrow           Conj/Erth      0%         3d7       95%         3
d - Sting                 Tmut/Pois      0%         1d3       69%         1

Your spell library contained the following spells:

 Spells                   Type           Power      Damage    Failure   Level
 Corpse Rot               Necr/Air       0%         N/A       80%         2
 Poisonous Vapours        Pois/Air       0%         N/A       80%         2
 Lesser Beckoning         Tloc           2%         N/A       93%         3
 Portal Projectile        Hex/Tloc       2%         N/A       94%         3
 Ozocubu's Armour         Ice            0%         N/A       95%         3
 Swiftness                Air            0%         N/A       95%         3
 Olgreb's Toxic Radiance  Pois           0%         N/A       100%        4
 Petrify                  Tmut/Erth      0%         N/A       100%        4
 Blade Hands              Tmut           0%         N/A       100%        5
 Excruciating Wounds      Necr           0%         N/A       100%        5
 Manifold Assault         Tloc           2%         N/A       100%        5
 Metabolic Englaciation   Hex/Ice        0%         N/A       100%        5
 Invisibility             Hex            0%         N/A       100%        6
 Simulacrum               Ice/Necr       0%         N/A       100%        6
 Statue Form              Tmut/Erth      0%         N/A       100%        6
 Infestation              Necr           0%         N/A       100%        8
 Chain Lightning          Conj/Air       0%         N/A       100%        9


Dungeon Overview and Level Annotations

Branches:
Dungeon (13/15)            Temple (0/1) D:6            Lair (0/6) D:11
    Orc (2/2) D:11            Elf (1/3) Orc:2       Ossuary (visited)
 Vaults: D:13-14

Altars:
Ashenzari
Cheibriados
Elyvilon
Gozag
Makhleb
Nemelex Xobeh
Okawaru
Ru
Xom
Beogh

Shops:
D:5 *   D:8 ?   Orc:2 ?(=?(

Portals:
Bailey: D:13

Annotations:
D:11 5 runed translucent doors


Innate Abilities, Weirdness & Mutations

((You are quick and stealthy near water. (Stealth+, EV+, Speed+++)))
Your lower body shifts to a powerful aquatic tail in water.
You have supernaturally acute eyesight. (SInv)
Your system is resistant to poisons. (rPois)
You are robust. (+10% HP)
Your spells are harder to cast, but more powerful.
You expend magic power (3 MP) to strengthen your wands.
You passively dampen the noise of your surroundings.


Message History

Something completely misses your butterfly.
The gnoll misses you. The large slime creature hits you!!
* * * LOW HITPOINT WARNING * * *
The gnoll sergeant barely misses you.
Okay, then.
Okay, then.
Blink to where?
Press: ? - help, Dir - move target
As you read the scroll of blinking, it crumbles to dust.
There is an open door here.
Aiming: Corrosive Bolt
Press: ? - help, Q - select action, (/) - cycle Shift-Dir - straight line, f - slime creature
Aim: a slime creature (almost dead, 94% to hit)
You feel a surge of power!
The bolt of acid hits the slime creature!!
You kill the slime creature!
Aiming: Corrosive Bolt
Press: ? - help, Q - select action, (/) - cycle Shift-Dir - straight line, f - slime creature
Aim: a slime creature (almost dead, 94% to hit)
You feel a surge of power!
The bolt of acid hits the slime creature!!
The acid corrodes the slime creature!
You kill the slime creature!
You are now a favourite toy of Xom.
Aiming: Corrosive Bolt
Press: ? - help, Q - select action, (/) - cycle Shift-Dir - straight line, f - centaur warrior
Aim: a centaur warrior, quivering arrows (almost dead, 81% to hit)
You feel a surge of power!
The bolt of acid misses the centaur warrior.
The centaur warrior wields a +0 shortbow.
The centaur warrior shoots an arrow.
The arrow hits you.
* * * LOW HITPOINT WARNING * * *
The centaur warrior shoots an arrow.
You block the arrow.
Aiming: Corrosive Bolt
Press: ? - help, Q - select action, (/) - cycle Shift-Dir - straight line, f/p - centaur warrior
Aim: a centaur warrior, wielding a +0 shortbow and quivering arrows (almost dead, 81% to hit)
You feel a slight surge of power.
The bolt of acid misses the centaur warrior.
The centaur warrior shoots an arrow.
The arrow hits you!
You die...

. ####+### ####.#
#......# ......
#......#######+##.≈≈≈≈≈
#......@...##.....≈g>.≈
#......###c##gg...≈g∩.≈
#......# #.§c.g.b.≈gg.≈
#......# ####g..)b≈≈≈≈≈
#......# #..........
#......# #(...b..+..
#......# #.......# #
#####'## ######### #..#


You could see a centaur warrior.

Vanquished Creatures
  5 ogre magi (Orc:2)
  15 two-headed ogres
  Erica (D:11)
  6 death yaks (D:11)
  A deep elf archer (Orc:2)
  2 deep elf zephyrmancers
  5 orc knights
  A deep elf pyromancer (D:12)
  3 cyclopes
  Maurice (D:11)
  A water nymph (shapeshifter) (D:5)
  5 trolls
  2 slime creatures (D:13)
  A vampire (D:12)
  A shadow (D:13)
  5 yaks (D:9)
  A wyvern (D:9)
  Grum (D:8)
  Eustachio (D:5)
  A steam dragon (D:6)
  3 vampire mosquitoes (D:12)
  Menkaure (D:7)
  A warg (Orc:2)
  3 acid dragons
  18 orc warriors
  2 black bears
  2 ice beasts
  A sky beast (D:6)
  2 wolves (D:8)
  The ghost of swinepaste the Poker, an amateur DsAK of Lugonu (D:4)
  4 necrophages
  21 ogres
  5 centaurs
  2 kobold brigands (D:3)
  4 bullfrogs
  2 wyvern zombies
  3 gnoll sergeants
  11 scorpions
  A water moccasin skeleton (D:4)
  6 killer bees
  9 wights
  5 howler monkeys
  A bullfrog zombie (D:4)
  3 human zombies (Ossuary)
  4 hounds
  14 orc priests
  A centaur skeleton (D:5)
  2 gnoll shamans
  2 iguanas
  24 orc wizards
  10 scorpion zombies (Ossuary)
  A killer bee zombie (D:5)
  4 mummies
  A howler monkey zombie (D:6)
  18 gnolls
  6 adders
  A shadow imp (D:6)
  2 white imps (D:7)
  An ufetubus (D:4)
  A dart slug (D:5)
  114 orcs
  9 endoplasms
  3 giant cockroaches
  20 hobgoblins
  3 jackals (D:1)
  3 quokkas
  4 ball pythons
  7 bats
  4 frilled lizards
  2 gnoll zombies (Ossuary)
  10 goblins
  2 hobgoblin zombies (Ossuary)
  13 kobolds
  A kobold zombie (Ossuary)
  An orc zombie (Ossuary)
  A rat (D:2)
459 creatures vanquished.

Vanquished Creatures (collateral kills)
  2 death yaks (D:11)
  A cyclops (D:13)
  A yak (D:9)
  An orc warrior (D:13)
  A centaur zombie (D:9)
  An orc wizard (D:9)
  2 orcs (D:9)
  2 gnoll zombies (Ossuary)
11 creatures vanquished.

Vanquished Creatures (others)
  3 plants (Orc:2)
3 creatures vanquished.

Grand Total: 473 creatures vanquished

Notes
Turn   | Place    | Note
-------+----------+-------------------------------------------
     0 | D:1      | cheechan the Merfolk Chaos Knight began the quest for the
                  | Orb.
     0 | D:1      | Reached XP level 1. HP: 18/18 MP: 1/1
   138 | D:1      | Found a faded altar of an unknown god.
   399 | D:1      | XOM: silly message
   464 | D:1      | Reached XP level 2. HP: 20/25 MP: 2/2
   541 | D:1      | Reached skill level 5 in Polearms
   548 | D:1      | XOM: divination: detect creatures
   729 | D:1      | Reached XP level 3. HP: 30/30 MP: 3/3
  1129 | D:2      | Reached skill level 1 in Armour
  1510 | D:2      | Reached XP level 4. HP: 37/37 MP: 4/4
  2066 | D:3      | Noticed a kobold brigand
  2073 | D:3      | XOM: silly message
  2095 | D:3      | XOM: potion effect (might)
  2098 | D:3      | Killed a kobold brigand
  2099 | D:3      | Reached skill level 6 in Polearms
  2099 | D:3      | Reached skill level 1 in Stealth
  2099 | D:3      | Reached XP level 5. HP: 12/42 MP: 5/5
  2134 | D:3      | XOM: divination: magic mapping
  2335 | D:3      | Noticed a kobold brigand
  2336 | D:3      | XOM: silly message
  2341 | D:3      | XOM: potion effect (might)
  2346 | D:3      | Killed a kobold brigand
  2382 | D:3      | XOM: divination: magic mapping
  2437 | D:3      | Learned a level 2 spell: Blink
  2587 | D:3      | Found a sacrificial altar of Ru.
  2599 | D:3      | XOM: summons 3 hostile demons
  2649 | D:3      | XOM: give mutations
  2649 | D:3      | Gained mutation: You are robust. (+10% HP) [Xom's grace]
  2649 | D:3      | Gained mutation: Your muscles are strong. (Str +2) [Xom's
                  | grace]
  2649 | D:3      | Gained mutation: Your natural rate of healing is unusually
                  | fast. [Xom's grace]
  2725 | D:3      | XOM: god gift: black potion {god gift}
  2781 | D:3      | Found a sparkling altar of Nemelex Xobeh.
  2889 | D:3      | Reached XP level 6. HP: 53/53 MP: 6/6
  2937 | D:3      | XOM: 6-stop teleportation journey
  2949 | D:3      | XOM: give mutations
  2949 | D:3      | Gained mutation: Your mind is acute. (Int +2) [Xom's grace]
  2949 | D:3      | Gained mutation: Your skin changes colour to match your
                  | surroundings (Stealth+). [Xom's grace]
  3251 | D:3      | XOM: give mutations
  3251 | D:3      | Gained mutation: You have hidden genetic potential. [Xom's
                  | grace]
  3251 | D:3      | Gained mutation: Your muscles are very strong. (Str +4)
                  | [Xom's grace]
  3406 | D:4      | Found an iron altar of Okawaru.
  3406 | D:4      | Found an opulent altar of Gozag.
  3406 | D:4      | XOM: 1-stop teleportation journey
  3428 | D:4      | XOM: noise
  3482 | D:4      | Found a shimmering altar of Xom.
  3571 | D:4      | XOM: potion effect (invisibility)
  3574 | D:4      | Reached skill level 7 in Polearms
  3592 | D:4      | Reached XP level 7. HP: 57/60 MP: 7/7
  3630 | D:4      | XOM: cloud trail
  3835 | D:4      | XOM: potion effect (curing)
  3850 | D:4      | Gained mutation: Your spells are a little harder to cast,
                  | but a little more powerful. [hidden potential]
  3956 | D:4      | Got the Grimoire of Hurtful Evil Magic
  3967 | D:4      | XOM: silly message
  3991 | D:4      | XOM: silly message
  4058 | D:4      | Found a runed translucent gate.
  4058 | D:4      | Found a runed translucent gate.
  4058 | D:4      | Found a runed translucent gate.
  4059 | D:4      | Noticed swinepaste's ghost (amateur DsAK)
  4068 | D:4      | XOM: silly message
  4070 | D:4      | XOM: enchant monster (bad)
  4081 | D:4      | Killed swinepaste's ghost
  4082 | D:4      | Reached skill level 8 in Polearms
  4084 | D:4      | XOM: divination: detect creatures
  4410 | D:4      | XOM: cloud trail
  4506 | D:5      | Entered Level 5 of the Dungeon
  4581 | D:5      | Found a broken altar of Ashenzari.
  4660 | D:5      | Found Ucrofyi's General Store.
  4974 | D:5      | Reached skill level 5 in Fighting
  4990 | D:5      | Reached XP level 8. HP: 68/68 MP: 8/8
  5080 | D:5      | XOM: god gift: 10 arrows
  5280 | D:5      | Noticed a glowing shapeshifter
  5280 | D:5      | a black bear changed into a glowing shapeshifter
  5280 | D:5      | Noticed a slime creature
  5280 | D:5      | a glowing shapeshifter changed into a slime creature
  5284 | D:5      | XOM: noise
  5286 | D:5      | XOM: confuse monster(s)
  5289 | D:5      | XOM: blink monster(s)
  5293 | D:5      | Noticed Eustachio
  5293 | D:5      | Noticed a deep troll
  5296 | D:5      | XOM: divination: detect items
  5306 | D:5      | Noticed a water nymph
  5306 | D:5      | a deep troll changed into a water nymph
  5307 | D:5      | Killed a water nymph
  5307 | D:5      | XOM: silly message
  5308 | D:5      | Reached skill level 9 in Polearms
  5311 | D:5      | Killed Eustachio
  5323 | D:5      | Reached skill level 5 in Dodging
  5326 | D:5      | Gained mutation: You are partially covered in large bone
                  | plates. (SH +4) [hidden potential]
  5326 | D:5      | Lost mutation: You have hidden genetic potential. [hidden
                  | potential expressed]
  5700 | D:6      | Found a staircase to the Ecumenical Temple.
  5720 | D:6      | XOM: enchant monster (bad)
  5727 | D:6      | Reached skill level 10 in Polearms
  5741 | D:6      | XOM: scenery: 1 doors close
  5778 | D:6      | XOM: enchant monster (bad)
  5930 | D:6      | Noticed a two-headed ogre
  5941 | D:6      | XOM: confusion (+ monsters)
  5942 | D:6      | XOM: summons 3 friendly demons
  5943 | D:6      | Reached XP level 9. HP: 75/75 MP: 9/9
  5972 | D:6      | Killed a two-headed ogre
  5973 | D:6      | Reached skill level 11 in Polearms
  5973 | D:6      | Reached skill level 5 in Stealth
  5973 | D:6      | Reached skill level 1 in Shields
  6721 | D:6      | Reached skill level 5 in Armour
  6732 | D:5      | Bought a potion of curing for 33 gold pieces
  6732 | D:5      | Bought a scroll of identify for 22 gold pieces
  6853 | D:6      | XOM: give mutation
  6853 | D:6      | Lost mutation: Your muscles are very strong. (Str +4)
                  | [Xom's mischief]
  6866 | D:6      | Found a snail-covered altar of Cheibriados.
  6870 | D:6      | Found a white marble altar of Elyvilon.
  7131 | D:6      | Learned a level 2 spell: Passwall
  7524 | D:6      | Identified the +4 ring mail of Precision Catastrophes
                  | {+Blink Str+4 Dex+2}
  7579 | D:6      | XOM: noise
  7696 | D:7      | Found a sand-covered staircase.
  7731 | D:7      | XOM: polymorph gnoll -> giant cockroach
  7773 | Ossuary  | Entered an ossuary
  7959 | Ossuary  | XOM: silly message
  7962 | Ossuary  | XOM: summons 9 friendly demons
  7965 | Ossuary  | Reached XP level 10. HP: 84/84 MP: 10/10
  7991 | Ossuary  | XOM: 1-stop teleportation journey
  8020 | Ossuary  | XOM: enchant monster (bad)
  8091 | Ossuary  | XOM: give mutation
  8091 | Ossuary  | Lost mutation: You are robust. (+10% HP) [Xom's mischief]
  8373 | Ossuary  | Reached skill level 12 in Polearms
  8387 | Ossuary  | XOM: summons 2 hostile shadow creatures
  8564 | D:7      | Noticed Menkaure
  8579 | D:7      | Killed Menkaure
  8706 | D:7      | XOM: give mutations
  8706 | D:7      | Gained mutation: You are clumsy. (Dex -2) [Xom's mischief]
  8706 | D:7      | Lost mutation: Your natural rate of healing is unusually
                  | fast. [Xom's mischief]
  8706 | D:7      | Gained mutation: You occasionally shout uncontrollably at
                  | your foes. [Xom's mischief]
  9161 | D:7      | XOM: give mutations
  9161 | D:7      | Gained mutation: Your system is resistant to poisons.
                  | (rPois) [Xom's mischief]
  9161 | D:7      | Lost mutation: Your mind is acute. (Int +2) [Xom's
                  | mischief]
  9181 | D:7      | Lost mutation: Your muscles are strong. (Str +2) [potion of
                  | mutation]
  9181 | D:7      | Lost mutation: You are clumsy. (Dex -2) [potion of
                  | mutation]
  9181 | D:7      | Gained mutation: You sometimes lose the ability to read
                  | scrolls when taking damage. [potion of mutation]
  9181 | D:7      | Gained mutation: You passively dampen the noise of your
                  | surroundings. [potion of mutation]
  9181 | D:7      | Lost mutation: You occasionally shout uncontrollably at
                  | your foes. [potion of mutation]
  9182 | D:7      | Lost mutation: You sometimes lose the ability to read
                  | scrolls when taking damage. [potion of mutation]
  9182 | D:7      | Lost mutation: You are partially covered in large bone
                  | plates. (SH +4) [potion of mutation]
  9182 | D:7      | Gained mutation: You are strong-willed. (Will+) [potion of
                  | mutation]
  9182 | D:7      | Gained mutation: Your spells are harder to cast, but more
                  | powerful. [potion of mutation]
  9182 | D:7      | Gained mutation: You are agile. (Dex +2) [potion of
                  | mutation]
  9198 | D:7      | Learned a level 3 spell: Stone Arrow
  9412 | D:8      | Found Maackub's Magic Scroll Boutique.
  9435 | D:8      | Noticed Grum
  9446 | D:8      | XOM: silly message
  9470 | D:8      | Found a burning altar of Makhleb.
  9483 | D:8      | XOM: give mutations
  9483 | D:8      | Lost mutation: Your skin changes colour to match your
                  | surroundings (Stealth+). [Xom's mischief]
  9483 | D:8      | Lost mutation: You are strong-willed. (Will+) [Xom's
                  | mischief]
  9483 | D:8      | Lost mutation: You are agile. (Dex +2) [Xom's mischief]
  9500 | D:8      | XOM: potion effect (heal wounds)
  9519 | D:8      | Killed Grum
  9673 | D:8      | Bought a scroll of fear for 38 gold pieces
  9796 | D:8      | XOM: potion effect (haste)
  9838 | D:8      | XOM: divination: magic mapping
  9858 | D:8      | XOM: noise
 10262 | D:8      | XOM: god gift: 11 gold pieces
 10309 | D:8      | XOM: divination: detect items
 10331 | D:9      | XOM: cast spell 'Olgreb's Toxic Radiance'
 10336 | D:9      | XOM: cast spell 'Olgreb's Toxic Radiance'
 10361 | D:9      | Noticed a two-headed ogre
 10370 | D:9      | XOM: smoke on damage
 10381 | D:9      | Killed a two-headed ogre
 10382 | D:9      | Reached XP level 11. HP: 27/85 MP: 5/11
 10563 | D:9      | XOM: silly message
 10836 | D:9      | XOM: summons 4 friendly demons
 10990 | D:9      | XOM: butterfly on damage
 11074 | D:9      | XOM: noise
 11552 | D:9      | XOM: cleaving
 11576 | D:9      | XOM: noise
 11577 | D:9      | Reached skill level 13 in Polearms
 11577 | D:9      | Reached skill level 5 in Shields
 11578 | D:9      | XOM: summons 3 friendly demons
 11713 | D:9      | You fall into a shaft and drop 2 floors!
 11717 | D:11     | Noticed a death yak
 11719 | D:11     | Noticed a death yak
 11810 | D:11     | XOM: fog
 11820 | D:10     | Entered Level 10 of the Dungeon
 11827 | D:10     | XOM: cleaving
 12077 | D:10     | XOM: god gift: 38 gold pieces
 12083 | D:11     | XOM: smoke on damage
 12216 | D:11     | XOM: confuse monster(s)
 12319 | D:10     | XOM: cloud trail
 12494 | D:11     | Upgraded the game from 0.28-a0-674-gdaf460b524 to
                  | 0.28-a0-683-ga8797d1ae1
 12554 | D:11     | Found a staircase to the Orcish Mines.
 12587 | Orc:1    | Entered Level 1 of the Orcish Mines
 12778 | Orc:1    | XOM: cast spell 'Cause Fear'
 12945 | Orc:1    | XOM: divination: detect items
 12972 | Orc:1    | XOM: cast spell 'Summon Small Mammal'
 13096 | Orc:1    | Noticed an orc knight
 13097 | Orc:1    | XOM: blink monster(s)
 13098 | Orc:1    | XOM: enchant monster (bad)
 13104 | Orc:1    | XOM: summons friendly iron imp
 13125 | Orc:1    | Killed an orc knight
 13197 | Orc:1    | XOM: scenery: 1 doors close
 13385 | Orc:1    | XOM: fog
 13452 | Orc:1    | XOM: god gift: Young Poisoner's Handbook
 13549 | Orc:1    | XOM: divination: detect items
 13729 | Orc:1    | XOM: silly message
 13824 | Orc:2    | Entered Level 2 of the Orcish Mines
 13959 | Orc:1    | XOM: confuse monster(s)
 14197 | Orc:1    | Learned a level 1 spell: Sting
 14297 | Orc:2    | Found a staircase to the Elven Halls.
 14343 | Orc:1    | Noticed an orc knight
 14367 | Orc:1    | HP: 2/87 [orc knight (23)]
 14737 | Orc:1    | XOM: 3-stop teleportation journey
 14913 | Orc:1    | Killed an orc knight
 15078 | Orc:1    | XOM: silly message
 15282 | Orc:2    | XOM: summons 5 friendly demons
 15287 | Orc:2    | Reached skill level 1 in Evocations
 15313 | Orc:2    | Noticed a two-headed ogre
 15313 | Orc:2    | Noticed a two-headed ogre
 15313 | Orc:2    | Noticed a two-headed ogre
 15314 | Orc:2    | Found Vuiqanoi's Weapon Emporium.
 15314 | Orc:2    | Found Udugh's Magic Scroll Shop.
 15314 | Orc:2    | Found Pejizuezo's Magic Scroll Boutique.
 15314 | Orc:2    | Found Dyevusij's Jewellery Emporium.
 15314 | Orc:2    | Noticed a two-headed ogre
 15314 | Orc:2    | Noticed a two-headed ogre
 15314 | Orc:2    | Noticed a two-headed ogre
 15314 | Orc:2    | Noticed a two-headed ogre
 15314 | Orc:2    | Noticed an ogre mage
 15314 | Orc:2    | Noticed an ogre mage
 15314 | Orc:2    | Noticed a two-headed ogre
 15314 | Orc:2    | Noticed an ogre mage
 15322 | Orc:2    | XOM: divination: detect creatures
 15340 | Orc:2    | Banished a two-headed ogre
 15341 | Orc:2    | XOM: potion effect (might)
 15353 | Orc:2    | XOM: confuse monster(s)
 15353 | Orc:2    | Killed a two-headed ogre
 15354 | Orc:2    | Reached XP level 12. HP: 50/94 MP: 7/12
 15357 | Orc:2    | Killed a two-headed ogre
 15360 | Orc:2    | Killed a two-headed ogre
 15365 | Orc:2    | Killed a two-headed ogre
 15384 | Orc:2    | Paralysed by an ogre mage for 7 turns
 15484 | Orc:1    | XOM: god gift: encrusted fluorescent wand {god gift}
 15668 | Orc:2    | XOM: confusion (+ monsters)
 15682 | Orc:2    | Killed an ogre mage
 15683 | Orc:2    | Reached skill level 10 in Dodging
 15707 | Orc:2    | Killed a two-headed ogre
 15857 | Orc:2    | XOM: divination: detect creatures
 15884 | Orc:2    | Killed an ogre mage
 15921 | Orc:2    | Noticed a two-headed ogre
 15923 | Orc:2    | Noticed an ogre mage
 15939 | Orc:2    | Killed a two-headed ogre
 15944 | Orc:2    | Killed an ogre mage
 16010 | Orc:2    | Killed a two-headed ogre
 16096 | Orc:2    | Killed an ogre mage
 16099 | Orc:2    | XOM: silly message
 16100 | Orc:2    | Killed an ogre mage
 16298 | Orc:2    | Bought a scroll of identify for 26 gold pieces
 16298 | Orc:2    | Bought a scroll of identify for 26 gold pieces
 16298 | Orc:2    | Bought a scroll of enchant armour for 97 gold pieces
 16304 | Orc:2    | Bought a scroll of enchant weapon for 75 gold pieces
 16323 | Orc:2    | Noticed a two-headed ogre
 16327 | Orc:2    | Noticed a two-headed ogre
 16335 | Orc:2    | Killed a two-headed ogre
 16335 | Orc:2    | Noticed a two-headed ogre
 16335 | Orc:2    | XOM: swap monsters
 16357 | Orc:2    | Killed a two-headed ogre
 16358 | Orc:2    | Reached skill level 14 in Polearms
 16362 | Orc:2    | XOM: polymorph ogre -> acid dragon
 16369 | Orc:2    | Reached skill level 5 in Evocations
 16374 | Orc:2    | Killed a two-headed ogre
 16375 | Orc:2    | Reached XP level 13. HP: 35/101 MP: 5/13
 16487 | Orc:2    | Reached skill level 10 in Stealth
 16740 | Orc:2    | Found Qipsamy's Antique Weapon Shoppe.
 16761 | Orc:2    | Bought a fading bardiche for 350 gold pieces
 16761 | Orc:2    | Identified the +3 bardiche of Righteous Anger {vorpal,
                  | Str+3} (You bought it in a shop on level 2 of the Orcish
                  | Mines)
 16761 | Orc:2    | Bought a crystal broad axe for 225 gold pieces
 16761 | Orc:2    | Identified the +8 broad axe "Jickaohok" {vorpal, Contam
                  | rPois rF- Int+9} (You bought it in a shop on level 2 of the
                  | Orcish Mines)
 16868 | Orc:2    | XOM: god gift: wand of mindburst (7)
 17319 | Orc:2    | XOM: cleaving
 17379 | Orc:2    | Reached skill level 1 in Axes
 17387 | Orc:2    | XOM: god gift: book of Sloth
 17480 | Elf:1    | Entered Level 1 of the Elven Halls
 17500 | Orc:2    | XOM: fog
 17732 | Elf:1    | XOM: smoke on damage
 17735 | Orc:2    | XOM: fog
 18305 | D:11     | XOM: smoke on damage
 18324 | D:11     | Found a staircase to the Lair.
 18324 | D:11     | XOM: summons 11 friendly demons
 18330 | D:11     | XOM: divination: detect items
 18334 | D:11     | XOM: divine lightning
 18338 | D:11     | Noticed Maurice
 18347 | D:11     | XOM: cleaving
 18364 | D:11     | XOM: scenery: create altars
 18371 | D:11     | XOM: confuse monster(s)
 18374 | D:11     | Reached skill level 10 in Fighting
 18376 | D:11     | Killed Maurice
 18378 | D:11     | XOM: summons friendly neqoxec
 18392 | D:11     | XOM: 4-stop teleportation journey
 18521 | D:11     | XOM: cloud trail
 18770 | D:11     | Noticed Erica
 18780 | D:11     | Killed Erica
 18845 | D:11     | XOM: god gift: blackened soapstone amulet {god gift}
 19060 | D:11     | Found a runed translucent gate.
 19061 | D:11     | Found a runed translucent gate.
 19061 | D:11     | Found a runed translucent door.
 19068 | D:11     | Found the +9 staff of Olgreb {rPois∞}
 19075 | D:11     | Found a runed translucent door.
 19132 | D:11     | Found a runed translucent gate.
 19343 | D:12     | Found a snail-covered altar of Cheibriados.
 19385 | D:12     | Identified the +1 robe of the Shore {rF- Int+4 Dex+10}
 20230 | D:13     | XOM: summons 4 friendly demons
 20246 | D:13     | XOM: summons friendly white imp
 20255 | D:13     | Reached skill level 5 in Axes
 20384 | D:13     | XOM: scenery: 1 doors open, 1 doors close
 20406 | D:13     | Found a flagged portal.
 20413 | D:13     | XOM: butterfly on damage
 20422 | D:13     | XOM: give mutations
 20422 | D:13     | Gained mutation: You are robust. (+10% HP) [Xom's grace]
 20422 | D:13     | Gained mutation: You have supernaturally acute eyesight.
                  | (SInv) [Xom's grace]
 20422 | D:13     | Gained mutation: You expend magic power (3 MP) to
                  | strengthen your wands. [Xom's grace]
 20432 | D:13     | Shot with an arrow by a centaur warrior

Illustrated notes

Levels and vault maps discovered:
D:1:      wander_arrival_abandoned_jail, layout_loops_cross,
          ebering_ecumenical_altar_hall
D:2:      layout_loops_ring
D:3:      cheibrodos_thug_alley, layout_basic, lemuel_doored_altar,
          mainiacjoe_overflow_paths, st_stairs_4
D:4:      layout_loops_ring, overflow_temple_1_default,
          nicolae_overflow_hidden_temple, gammafunk_ghost_necromancy
D:5:      layout_basic, nicolae_ashenzari_skybound, serial_shops,
          nicolae_take_the_stairs, hangedman_decor_points, uniq_eustachio
D:6:      layout_gridville, grunt_temple_overflow_open,
          minmay_temple_entry_glass, minmay_bent
D:7:      layout_rooms, nicolae_ossuary_entry_ruins, minmay_misc_feat_room,
          uniq_menkaure
D:8:      layout_cave_pools, bloody_makhleb, serial_shops,
          nicolae_stop_n_shop_1, uniq_grum
D:9:      layout_layer_cave
D:10:     layout_layer_cave, serial_undead, serial_undead_a, serial_undead_e,
          serial_undead_d, serial_undead_c, serial_undead_d, serial_undead_c,
          hangedman_decor_diamond_cutter
D:11:     layout_long_grid, dpeg_lair_monsters, hiddenorc2_lemuel,
          minmay_guarded_unrand_staff_of_olgreb, uniq_erica, uniq_maurice
D:12:     layout_long_grid, slow_altar_2
D:13:     layout_roguey, enter_bailey_5, grunt_decor_junction,
          nemelex_spade_bored_becter
Orc:1:    cheibrodos_orc_bank, layout_caves, mines1_david
Orc:2:    st_orc_ogre_mass, layout_caves, serial_shops,
          nicolae_shop_overgrown_old_shop, minmay_orc_barracks
Elf:1:    eino_elf_arrival_shootout, layout_loops_cross, orc_legates,
          uniq_roxanne

Skill      XL: |  1  2  3  4  5  6  7  8  9 10 11 12 13 |
---------------+----------------------------------------+-----
Dodging        | 3 4 5 6 7 9 10 11 | 11.3
Polearms       | 5 6 7 8 10 11 12 13 14 | 14.1
Armour         | 1 2 4 5 6 |  6.9
Fighting       | 4 5 6 7 8 9 10 | 10.3
Stealth        | 1 2 4 6 7 8 9 10 | 10.4
Shields        | 1 4 7 8 9 |  9.4
Evocations     | 2 5 |  5.6
Axes           | 5 |  5.3
Throwing       | |  0.2
Spellcasting   | |  0.4
Translocations | |  0.3

Action                   |  1- 3 |  4- 6 |  7- 9 | 10-12 | 13-15 || total
-------------------------+-------+-------+-------+-------+-------++-------
Melee: Spear             |   105 |   226 |   391 |  1211 |    17 ||  1950
       Broad axe         |       |       |       |       |   202 ||   202
Throw: Dart              |       |     2 |       |     2 |       ||     4
 Cast: Blink             |       |       |     1 |       |       ||     1
Evoke: Wand              |       |       |       |    55 |    44 ||    99
  Use: Scroll            |     5 |     3 |     8 |    14 |     7 ||    37
       Potion            |       |     1 |     4 |    10 |     3 ||    18
 Stab: Paralysed         |     1 |     1 |     6 |    10 |       ||    18
       Sleeping          |     1 |     3 |     6 |     4 |     4 ||    18
       Invisible         |       |     3 |     2 |       |       ||     5
       Distracted        |       |     1 |     1 |     6 |     2 ||    10
       Confused          |       |       |     4 |    16 |     4 ||    24
       Petrifying        |       |       |     1 |     2 |       ||     3
       Petrified         |       |       |     1 |     2 |       ||     3
       Held in net/web   |       |       |     1 |       |       ||     1
Armor: Leather armour    |    27 |    53 |       |       |       ||    80
       Scale mail        |       |    28 |   121 |       |       ||   149
       Ring mail         |       |       |    23 |   267 |    77 ||   367
Dodge: Dodged            |    49 |   110 |   152 |   508 |   139 ||   958
Block: Other             |       |       |    26 |    25 |       ||    51
       Kite shield       |       |       |       |   619 |   187 ||   806

Table legend: (Time is in decaauts)
 A = Elapsed time spent in this place.
 B = Non-inter-level travel time spent in this place.
 C = Inter-level travel time spent in this place.
 D = Time resting spent in this place.
 E = Time spent auto-exploring this place.
 F = Levels seen in this place.
 G = Mean time per level.
                   A        B        C        D        E       F      G
               +--------+--------+--------+--------+--------+-----+--------+
         Total |  19875 |  19875 |      0 |   6620 |      0 |  17 | 1169.1 |
       Dungeon |  13672 |  13672 |      0 |   3435 |      0 |  13 | 1051.7 |
  Orcish Mines |   5521 |   5521 |      0 |   3014 |      0 |   2 | 2760.5 |
   Elven Halls |     20 |     20 |      0 |      0 |      0 |   1 |   20.0 |
       Ossuary |    660 |    660 |      0 |    171 |      0 |   1 |  660.0 |
               +--------+--------+--------+--------+--------+-----+--------+

Top non-repeatable levels by time:
   Orc:2: 2927 daAuts
   Orc:1: 2593 daAuts
     D:6: 1878 daAuts
    D:11: 1359 daAuts
     D:3: 1354 daAuts
     D:9: 1350 daAuts
     D:4: 1103 daAuts
     D:5: 1090 daAuts
     D:1: 1038 daAuts
     D:8: 1015 daAuts
     D:2: 922 daAuts
    D:12: 900 daAuts
     D:7: 846 daAuts
 Ossuary: 660 daAuts
    D:10: 550 daAuts
